 Dungeon Crawl Stone Soup version bcrawl-1.19.2-6-g6a88ae04c9 (webtiles) character file.

Game seed: 7945087670059698753

16961 Artagas the Fighter (level 12, -5/104 HPs)
             Began as an Oni Venom Mage on Dec 26, 2019.
             Was a Priest of Lugonu.
             Shot with an arrow by something (9 damage)
             ... on level 5 of the Lair of Beasts.
             The game lasted 00:33:48 (16652 turns).

Artagas the Fighter (Oni Venom Mage)               Turns: 16652, Time: 00:33:49

Health: -5/104     AC:  7    Str: 13    XL:     12   Next: 43%
Magic:  27/27      EV: 17    Int: 20    God:    Lugonu [***...]
Gold:   1000       SH:  0    Dex: 15    Spells: 1/29 levels left

rFire    . . .     SeeInvis .   j - +2 dagger (speed)
rCold    . . .     Gourm    .   (no shield)
rNeg     . . .     Faith    .   O - +2 robe {Archmagi}
rPois    .         Spirit   .   (helmet restricted)
rElec    .         Reflect  .   (no cloak)
rCorr    +         Harm     .   l - +1 pair of gloves {Dex+3}
MR       +....                  u - +0 pair of boots
Stlth    +++.......             F - amulet of magic regeneration
HPRegen  0.27/turn              k - ring of resist corrosion
MPRegen  0.45/turn              m - ring of protection from magic

@: lethally poisoned (-5 -> -21), about to teleport
A: oni magic, claws 1, fangs 1, horns 1
a: Depart the Abyss, Bend Space, Banish, Renounce Religion


You were on level 5 of the Lair of Beasts.
You worshipped Lugonu.
Lugonu was most pleased with you.
You were not hungry.

You visited 3 branches of the dungeon, and saw 13 of its levels.

You collected 1130 gold pieces.
You spent 130 gold pieces at shops.

Inventory:

Hand Weapons
 g - a +1 whip of freezing
   (You took it off a kobold on level 2 of the Dungeon)
 j - a +2 dagger of speed (weapon)
   (You took it off a kobold on level 1 of the Dungeon)
 G - a +0 short sword
   (You took it off a kobold on level 1 of the Dungeon)
Missiles
 K - 307 tomahawks (quivered)
Armour
 a - a +0 animal skin
 l - a +1 pair of gloves of dexterity (worn)
   (You found it on level 5 of the Dungeon)
 u - a +0 pair of boots (worn)
   (You found it on level 4 of the Dungeon)
 C - +1 steam dragon scales
   (You found it on level 6 of the Dungeon)
 M - a cursed +0 pair of boots
   (You found it on level 3 of the Lair of Beasts)
 O - a +2 robe of the Archmagi (worn)
   (You found it on level 2 of the Lair of Beasts)
 P - a +0 large shield
   (You found it on level 3 of the Dungeon)
Magical Staves
 S - an uncursed staff of fire
   (You found it on level 4 of the Lair of Beasts)
Jewellery
 k - a ring of resist corrosion (left hand)
   (You found it on level 2 of the Dungeon)
 m - a ring of protection from magic (right hand)
   (You found it on level 1 of the Lair of Beasts)
 o - an uncursed ring of fire
   (You found it on level 2 of the Dungeon)
 A - an uncursed ring of fire
   (You found it on level 5 of the Dungeon)
 F - an amulet of magic regeneration (around neck)
   (You found it on level 6 of the Dungeon)
 Q - an uncursed ring of ice {unknown}
   (You found it on level 4 of the Lair of Beasts)
Wands
 v - a wand of digging (11)
   (You found it on level 3 of the Lair of Beasts)
 x - a wand of enslavement (19)
   (You found it on level 4 of the Dungeon)
 D - a wand of iceblast (30)
   (You found it on level 6 of the Dungeon)
 J - a wand of disintegration (13)
   (You took it off Dowan on level 7 of the Dungeon)
 L - a wand of acid (6)
   (You found it on level 1 of the Lair of Beasts)
Scrolls
 h - 4 scrolls of remove curse
 i - 3 scrolls of immolation
 n - 3 scrolls of amnesia
 p - 3 scrolls of fear
 r - a scroll of identify
 t - 6 scrolls of teleportation
 y - 2 scrolls of enchant armour
 z - a scroll of blinking
 B - 3 scrolls of fog
 R - a scroll of vulnerability {unknown}
Potions
 b - 2 potions of brilliance
 c - 3 potions of berserk rage
 d - 3 potions of might
 e - a potion of degeneration
 q - 2 potions of curing
 s - a potion of agility
 E - a potion of mutation
 H - 2 potions of haste {unknown}
 I - 2 potions of lignification {unknown}
Comestibles
 f - 8 rations {!d}


   Skills:
 + Level 9.2 Fighting
 - Level 4.0 Armour
 - Level 7.3 Dodging
 - Level 3.6 Stealth
 + Level 9.1 Spellcasting
   Level 9.1 Conjurations
   Level 9.1 Hexes
   Level 9.1 Charms
   Level 9.1 Summonings
   Level 9.1 Necromancy
   Level 9.1 Translocations
   Level 9.1 Transmutations
   Level 9.1 Fire Magic
   Level 9.1 Ice Magic
   Level 9.1 Air Magic
   Level 9.1 Earth Magic
   Level 9.1 Poison Magic
 + Level 7.4 Invocations
 - Level 5.0 Evocations


You had one spell level left.
You knew the following spells:

 Your Spells              Type           Power        Failure   Level  Hunger
a - Throw Icicle          Conj/Ice       ######..     1%          4    ###....
b - Poisonous Vapours     Pois/Air       ######       1%          2    None
c - Ignite Poison         Fire/Tmut/Pois ######..     1%          3    None
d - Olgreb's Toxic Radia  Pois           ######..     1%          4    ###....
e - Summon Mana Viper     Hex/Summ       ######..     4%          5    #####..
f - Fireball              Conj/Fire      ######....   4%          5    #####..
g - Summon Scorpions      Summ/Pois      ######..     1%          4    ###....
h - Sting                 Conj/Pois      ####         1%          1    None

Your spell library contained the following spells:

 Spells                   Type           Power        Failure   Level  Hunger
 Shock                    Conj/Air       #####        1%          1    None
 Corpse Rot               Necr           N/A          1%          2    None
 Regeneration             Chrm/Necr      ######....   1%          3    None
 Venom Bolt               Conj/Pois      ######....   4%          5    #####..


Dungeon Overview and Level Annotations

Branches:
Dungeon (7/12)             Temple (1/1) D:6            Lair (5/6) D:7
  Swamp (0/3) Lair:2        Snake (0/3) Lair:2
  Slime: Lair:5-6

Altars:
Ashenzari
Cheibriados
Dithmenos
Elyvilon
Fedhas
Gozag
Hepliaklqana
Kikubaaqudgha
Lugonu
Nemelex Xobeh
Okawaru
Qazlal
Ru
Trog
Uskayaw
Vehumet
Wu Jian
Xom
Yredelemnul
Zin
The Shining One

Shops:
D:6 *

Annotations:
D:3 4 transporters, Lanoc's ghost, amateur DjBe
Lair:5 Nessos


Innate Abilities, Weirdness & Mutations

You learn spells by gaining experience, not through books or religion.
You only train spellcasting to practice magic.
You have sharp fingernails.
You have very sharp teeth.
You have a pair of small horns on your head.


Message History

Casting: Throw Icicle (safe; 1% risk of failure)
Confirm with . or Enter, or press ? or * to list all spells.
Aiming: Throw Icicle (safe; 1% risk of failure)
Press: ? - help, Shift-Dir - straight line, f/p - four-headed hydra
Aim: a four-headed hydra (severely wounded)
You feel a surge of power!
The shard of ice hits the four-headed hydra.
You kill the four-headed hydra!
Lugonu accepts your kill.
You are near starving!
Your toxic aura wanes.
You start resting.
Magic restored.
HP restored.
You eat one of the 9 rations {!d}.
That ration really hit the spot!
You see here 121 arrows.
What are your orders? t - Shout!
Orders for allies: a - Attack new target. r - Retreat! s - Stop attacking. g - Guard the area. f - Follow me.
Anything else - Cancel.
You shout for attention!
You hear a shout!
You start waiting.
A porcupine comes into view.
Casting: Throw Icicle (safe; 1% risk of failure)
Confirm with . or Enter, or press ? or * to list all spells.
Aiming: Poisonous Vapours (safe; 1% risk of failure)
Press: ? - help, Dir - move target cursor, f - porcupine
Aim: a porcupine You feel a surge of power!
Poisonous vapours appear!
The porcupine is engulfed in poison gas.
The porcupine is poisoned.
Nessos blinks!
Evoke which item? (* to show all) (? for menu, Esc to quit)
Aiming: Enslavement
Press: ? - help, Shift-Dir - straight line, f - Nessos, p - porcupine
Aim: Nessos, wearing a cursed +0 barding and quivering 146 arrows (chance to defeat MR: 61%) Nessos resists with significant effort.
Nessos wields a +1 longbow of flaming.
It bursts into flame!
Nessos shoots an arrow.
The arrow hits you. The arrow burns you.
You are poisoned.
Evoke which item? (* to show all) (? for menu, Esc to quit)
Aiming: Enslavement
Press: ? - help, Shift-Dir - straight line, f/p - Nessos
Aim: Nessos, wielding a +1 longbow of flaming, wearing a cursed +0 barding and quivering 145 arrows (chance to defeat MR: 61%) Nessos resists with significant effort.
You feel sick.
Nessos shoots an arrow.
The arrow hits you! The arrow burns you.
You are more poisoned.
Evoke which item? (* to show all) (? for menu, Esc to quit)
Aiming: Enslavement
Press: ? - help, Shift-Dir - straight line, f/p - Nessos
Aim: Nessos, wielding a +1 longbow of flaming, wearing a cursed +0 barding and quivering 144 arrows (chance to defeat MR: 61%) Nessos resists with significant effort.
You feel sick.
Nessos drinks a potion.
Nessos flickers and vanishes!
Deactivating autopickup; reactivate with Ctrl-A.
The porcupine closely misses you.
You hear a loud twanging sound.
An arrow appears from out of thin air!
The arrow hits you!! The arrow burns you.
You are more poisoned.
As you read the scroll of teleportation, it crumbles to dust.
You feel strangely unstable.
You feel very sick. The porcupine closely misses you.
You hear a loud twanging sound.
An arrow appears from out of thin air!
The arrow hits you! The arrow burns you.
You are lethally poisoned!
You feel better. The porcupine bites you!
You hear a loud twanging sound.
An arrow appears from out of thin air!
The arrow barely misses you. The porcupine bites you.
Unknown command.
The porcupine completely misses you.
Your surroundings suddenly seem different.
As you read the scroll of teleportation, it crumbles to dust.
You feel strangely unstable.
You hear a loud twanging sound.
An arrow appears from out of thin air!
The arrow hits you. The arrow burns you.
You are poisoned.
* * * LOW HITPOINT WARNING * * *
You feel sick.
You hear a loud twanging sound.
An arrow appears from out of thin air!
The arrow completely misses you.
You feel sick.
You hear a loud twanging sound.
An arrow appears from out of thin air!
The arrow hits you!!
* * * LOW HITPOINT WARNING * * *
The arrow burns you.
You are lethally poisoned!
* * * LOW HITPOINT WARNING * * *
Okay, then.
You feel much better.
You feel sick.
You hear a loud twanging sound.
An arrow appears from out of thin air!
The arrow barely misses you.
You hear a loud twanging sound.
An arrow appears from out of thin air!
The arrow hits you!!
* * * LOW HITPOINT WARNING * * *
The arrow burns you!
You die...

## ..###### #P.. #.P...P###..P#
### ##### #####............P
##.###P..###..##............#
##......{...(...#............#
#..r.........................#
#.............@#..P...........#
......#...........#......)......#
...###..#......#.##..............
.#. #####...######.............#
. ##...# #.#...........# # ##..#
#####..#....### ##.# ###......#
.+# #.#..P.## .. #...P<..#


There were no monsters in sight!

Vanquished Creatures
  4 hydras
  An anaconda (Lair:4)
  A catoblepas (Lair:4)
  A death yak (Lair:4)
  A manticore (Lair:4)
  A black mamba (Lair:2)
  2 cane toads
  2 komodo dragons
  An ice devil (Lair:2)
  A troll (D:7)
  A hippogriff (D:6)
  14 blink frogs
  A dream sheep (Lair:4)
  2 wyverns (Lair:4)
  9 yaks
  A basilisk (Lair:3)
  2 steam dragons
  A swamp worm (Lair:2)
  4 crocodiles
  2 nagas (Lair:2)
  3 water moccasins
  Duvessa (D:7)
  8 porcupines
  An ice beast (D:7)
  A sky beast (D:7)
  2 black bears
  2 phantoms
  An orc warrior (D:6)
  5 ogres
  11 bullfrogs
  Dowan (D:7)
  A scorpion (D:4)
  A killer bee (D:6)
  3 howler monkeys
  5 crimson imps
  A centaur zombie (D:6)
  5 orc priests
  A bullfrog skeleton (D:4)
  A jelly (D:6)
  2 centaur skeletons
  An iguana (Lair:2)
  3 orc wizards
  7 worker ants
  A hound zombie (D:6)
  Robin (D:4)
  9 gnolls
  8 adders
  An ooze (D:2)
  An adder skeleton (D:6)
  5 worms
  A dart slug (D:5)
  A leopard gecko (D:4)
  25 orcs
  2 bats (D:3)
  2 giant cockroaches (D:1)
  10 hobgoblins
  14 jackals
  4 quokkas
  6 frilled lizards
  15 goblins
  A jackal skeleton (D:7)
  8 kobolds
  A quokka skeleton (D:2)
  A fungus (Lair:4)
236 creatures vanquished.

Vanquished Creatures (collateral kills)
  An ice devil (Lair:2)
  An ice beast (D:5)
  A wyvern skeleton (D:6)
  An ooze (D:5)
4 creatures vanquished.

Vanquished Creatures (others)
  A human (D:6)
  6 fungi
  2 plants (Lair:3)
9 creatures vanquished.

Grand Total: 249 creatures vanquished

Notes
Turn   | Place    | Note
-------+----------+-------------------------------------------
     0 | D:1      | Artagas the Oni Venom Mage began the quest for the Orb.
     0 | D:1      | Reached XP level 1. HP: 14/14 MP: 4/4
   350 | D:1      | Reached skill level 2 in Stealth
   507 | D:1      | Reached XP level 2. HP: 20/20 MP: 4/6
   522 | D:1      | Learned a level 2 spell: Poisonous Vapours
  1577 | D:2      | Reached skill level 2 in Spellcasting
  1577 | D:2      | Reached XP level 3. HP: 26/26 MP: 0/8
  1582 | D:2      | Learned a level 3 spell: Ignite Poison
  2356 | D:3      | Found a transporter.
  2371 | D:3      | Reached skill level 1 in Fighting
  2371 | D:3      | Reached skill level 3 in Stealth
  2371 | D:3      | Reached XP level 4. HP: 35/35 MP: 0/9
  2847 | D:3      | Reached XP level 5. HP: 41/41 MP: 0/10
  2937 | D:3      | Reached skill level 2 in Fighting
  3307 | D:3      | Found a transporter.
  3341 | D:3      | Learned a level 2 spell: Corpse Rot
  3819 | D:3      | Reached XP level 6. HP: 50/50 MP: 6/12
  3887 | D:3      | Found a transporter.
  3888 | D:3      | Noticed Lanoc's ghost (amateur DjBe)
  3889 | D:3      | Found a transporter.
  3921 | D:3      | Found a sparkling altar of Nemelex Xobeh.
  4573 | D:4      | Reached skill level 3 in Fighting
  4573 | D:4      | Reached skill level 3 in Spellcasting
  5028 | D:4      | Found a radiant altar of Vehumet.
  5029 | D:4      | Found a glowing silver altar of Zin.
  5029 | D:4      | Found an ornate altar of the Wu Jian Council.
  5030 | D:4      | Found an opulent altar of Gozag.
  5070 | D:4      | Reached XP level 7. HP: 47/58 MP: 12/14
  5279 | D:4      | Reached skill level 4 in Fighting
  5510 | D:4      | Learned a level 4 spell: Summon Scorpions
  5707 | D:4      | Noticed Robin
  5709 | D:4      | Killed Robin
  6549 | D:5      | Entered Level 5 of the Dungeon
  7070 | D:5      | Reached skill level 4 in Spellcasting
  7379 | D:5      | Reached skill level 5 in Fighting
  7688 | D:5      | Reached XP level 8. HP: 65/68 MP: 11/16
  7699 | D:5      | Learned a level 4 spell: Throw Icicle
  8235 | D:6      | Reached skill level 6 in Fighting
  8452 | D:6      | Reached skill level 5 in Spellcasting
  8797 | D:6      | Reached skill level 7 in Fighting
  8797 | D:6      | Reached XP level 9. HP: 68/79 MP: 7/19
  9382 | D:6      | Found a staircase to the Ecumenical Temple.
  9403 | D:6      | Found Daisk's General Store.
  9407 | D:6      | Bought a scroll of fog for 26 gold pieces
  9407 | D:6      | Bought a wand of iceblast (4) for 104 gold pieces
  9496 | D:6      | Learned a level 4 spell: Olgreb's Toxic Radiance
  9664 | Temple   | Entered the Ecumenical Temple
  9672 | Temple   | Became a worshipper of Lugonu the Unformed
  9962 | D:6      | Found an ancient bone altar of Kikubaaqudgha.
 10083 | D:7      | Noticed Duvessa
 10083 | D:7      | Noticed Dowan
 10092 | D:7      | Killed Dowan
 10092 | D:7      | Reached skill level 8 in Fighting
 10092 | D:7      | Reached skill level 6 in Spellcasting
 10093 | D:7      | Killed Duvessa
 10411 | D:7      | Noticed a troll
 10427 | D:7      | Killed a troll
 10470 | D:7      | Reached skill level 7 in Spellcasting
 10637 | D:7      | Reached skill level 1 in Invocations
 10637 | D:7      | Reached skill level 1 in Evocations
 10784 | D:7      | Reached skill level 2 in Invocations
 10947 | D:7      | Found a staircase to the Lair.
 11085 | D:7      | Reached skill level 2 in Evocations
 11085 | D:7      | Reached XP level 10. HP: 79/88 MP: 10/22
 11158 | D:7      | Found an iron altar of Okawaru.
 11165 | D:7      | Learned a level 5 spell: Summon Mana Viper
 11296 | D:7      | Reached ** piety under Lugonu
 11372 | Lair:1   | Entered Level 1 of the Lair of Beasts
 11453 | Lair:1   | Reached skill level 3 in Invocations
 11972 | Lair:2   | Found a staircase to the Snake Pit.
 11978 | Lair:2   | Reached skill level 3 in Evocations
 12091 | Lair:2   | Reached skill level 4 in Invocations
 12400 | Lair:2   | HP: 11/88 [blink frog (15)]
 12402 | Lair:2   | Reached skill level 4 in Evocations
 12405 | Lair:2   | Reached skill level 5 in Invocations
 12406 | Lair:2   | Noticed a cane toad
 12743 | Lair:2   | Noticed a black mamba
 12752 | Lair:2   | Killed a black mamba
 12752 | Lair:2   | Reached skill level 6 in Invocations
 12966 | Lair:2   | Reached skill level 8 in Spellcasting
 13045 | Lair:2   | Killed a cane toad
 13045 | Lair:2   | Reached skill level 2 in Dodging
 13213 | Lair:2   | Noticed a five-headed hydra
 13220 | Lair:2   | Killed a five-headed hydra
 13220 | Lair:2   | Reached skill level 1 in Armour
 13220 | Lair:2   | Reached XP level 11. HP: 95/95 MP: 8/25
 13233 | Lair:2   | Noticed a six-headed hydra
 13250 | Lair:2   | Killed a six-headed hydra
 13342 | Lair:2   | Reached skill level 2 in Armour
 13342 | Lair:2   | Reached skill level 3 in Dodging
 13351 | Lair:2   | Reached skill level 5 in Evocations
 13402 | Lair:2   | Reached skill level 7 in Invocations
 13605 | Lair:2   | Reached skill level 3 in Armour
 13894 | Lair:2   | Found a staircase to the Swamp.
 14337 | Lair:3   | Reached skill level 9 in Fighting
 14452 | Lair:3   | Reached skill level 4 in Dodging
 14457 | Lair:3   | Reached *** piety under Lugonu
 14626 | Lair:3   | Reached skill level 4 in Armour
 15022 | Lair:4   | Reached skill level 5 in Dodging
 15118 | Lair:4   | Noticed a catoblepas
 15134 | Lair:4   | Killed a catoblepas
 15134 | Lair:4   | Reached skill level 9 in Spellcasting
 15134 | Lair:4   | Reached XP level 12. HP: 100/104 MP: 14/27
 15143 | Lair:4   | Learned a level 5 spell: Fireball
 15217 | Lair:4   | Noticed a four-headed hydra
 15253 | Lair:4   | Noticed an anaconda
 15259 | Lair:4   | Killed an anaconda
 15259 | Lair:4   | Reached skill level 6 in Dodging
 15260 | Lair:4   | Noticed a death yak
 15274 | Lair:4   | Killed a death yak
 15409 | Lair:4   | Killed a four-headed hydra
 15409 | Lair:4   | Reached skill level 7 in Dodging
 16335 | Lair:5   | Noticed Nessos
 16577 | Lair:5   | Noticed a four-headed hydra
 16581 | Lair:5   | Killed a four-headed hydra
 16651 | Lair:5   | HP: 7/104 [something (23)]
 16652 | Lair:5   | Shot with an arrow by something

Skill      XL: |  1  2  3  4  5  6  7  8  9 10 11 12 |
---------------+-------------------------------------+-----
Stealth        | 2 3 |  3.6
Spellcasting   | 2 3 4 5 7 8 9 |  9.1
Fighting       | 1 2 3 5 7 8 9 |  9.2
Invocations    | 2 6 7 |  7.4
Evocations     | 2 4 5 |  5.0
Dodging        | 2 5 7 |  7.3
Armour         | 1 4 |  4.0
Conjurations   | |  9.1
Hexes          | |  9.1
Charms         | |  9.1
Summonings     | |  9.1
Necromancy     | |  9.1
Translocations | |  9.1
Transmutations | |  9.1
Fire Magic     | |  9.1
Ice Magic      | |  9.1
Air Magic      | |  9.1
Earth Magic    | |  9.1
Poison Magic   | |  9.1

Action                   |  1- 3 |  4- 6 |  7- 9 | 10-12 || total
-------------------------+-------+-------+-------+-------++-------
Melee: Dagger            |    34 |   133 |   156 |    56 ||   379
       Headbutt          |     3 |    15 |    23 |    14 ||    55
       Short sword       |     1 |       |       |       ||     1
       Bite              |     2 |    10 |    18 |    13 ||    43
Throw: Tomahawk          |     8 |     3 |     3 |       ||    14
 Cast: Sting             |    26 |     5 |     4 |       ||    35
       Poisonous Vapours |    29 |    57 |    88 |    71 ||   245
       Ignite Poison     |       |     6 |    33 |    52 ||    91
       Summon Scorpions  |       |       |     7 |     3 ||    10
       Throw Icicle      |       |       |    15 |    41 ||    56
       Olgreb's Toxic Ra |       |       |     8 |    12 ||    20
       Summon Mana Viper |       |       |       |     4 ||     4
       Fireball          |       |       |       |     2 ||     2
Invok: Bend Space        |       |       |     1 |     1 ||     2
Evoke: Wand              |       |       |       |     5 ||     5
  Use: Scroll            |     3 |       |     3 |     8 ||    14
       Potion            |       |       |       |     5 ||     5
 Stab: Sleeping          |     1 |     1 |       |     1 ||     3
       Distracted        |       |       |     2 |     1 ||     3
  Eat: Chunk             |     7 |    12 |    23 |    12 ||    54
       Ration            |       |       |     1 |     4 ||     5
Armor: Animal skin       |     6 |    16 |    14 |       ||    36
       Steam dragon scal |       |       |    26 |     9 ||    35
       Robe              |       |       |       |    10 ||    10
Dodge: Dodged            |    16 |    61 |    90 |    42 ||   209

Levels and vault maps discovered:
D:1:      dpeg_arrival_tiny_a, layout_loops_corners,
          chequers_serial_rivers_large_a, hangedman_decor_growths
D:2:      layout_rooms
D:3:      gammafunk_steamed_eel, layout_loops_corners,
          nemelex_xobeh_ov_fountains_minmay, gammafunk_ghost_mausoleum
D:4:      layout_loops_corners, chequers_temple_overflow_statue_of_worship,
          minmay_misc_feat_square, uniq_robin
D:5:      layout_gridville, first_ration, kennysheep_generic_room_15
D:6:      kennysheep_windowed_halls, layout_loops_ring,
          minmay_temple_entry_statues_fountains, serial_shops, shop,
          tgw_kikubaaqudgha
D:7:      layout_gridville, old_standard_altar, lair_entry_dummy, uniq_duvessa
Temple:   nicolae_temple_no_exploring_needed
Lair:1:   layout_long_grid
Lair:2:   layout_chaotic_city, palyth_hydra_swamp_entry,
          guppyfry_snake_entry_garden, portal_ice_cave_demonic_guard
Lair:3:   layout_chaotic_city
Lair:4:   layout_hall_layers, hangedman_lair_generics_rect
Lair:5:   layout_roguey, uniq_nessos

Table legend:
 A = Turns spent in this place as a percentage of turns spent in the entire game.
 B = Non-inter-level travel turns spent in this place as a percentage of non-inter-level travel turns spent in the entire game.
 C = Inter-level travel turns spent in this place as a percentage of turns spent in this place.
 D = Turns resting spent in this place as a percentage of non-inter-level travel turns spent in this place.
 E = Turns spent auto-exploring this place as a percentage of non-inter-level travel turns spent in this place.
 F = Non-inter-level travel turns spent in this place divided by the number of levels of this place that you've seen.
                   A       B       C       D       E      F
               +-------+-------+-------+-------+-------+----------------------
         Total | 100.0 | 100.0 |   2.4 |  20.0 |  66.2 | 1250.4
       Dungeon |  68.2 |  68.1 |   2.6 |  18.6 |  66.3 | 1580.3
        Temple |   0.1 |   0.1 |  41.2 |   0.0 |   0.0 |  10.0
          Lair |  31.7 |  31.9 |   1.8 |  23.1 |  66.1 | 1036.6
               +-------+-------+-------+-------+-------+----------------------

Table legend:
 A = Kills in this place as a percentage of kills in entire the game.
 B = Kills by you in this place as a percentage of kills by you in the entire game.
 C = Kills by friends in this place as a percentage of kills by friends in the entire game.
 D = Other kills in this place as a percentage of other kills in the entire game.
 E = Experience gained in this place as a percentage of experience gained in the entire game.
 F = Experience gained in this place divided by the number of levels of this place that you have seen.
                   A       B       C       D       E      F
               +-------+-------+-------+-------+-------+----------------------
         Total | 100.0 | 100.0 | 100.0 |   N/A | 100.0 | 1863.9
       Dungeon |  71.1 |  71.1 |  75.0 |   N/A |  19.4 | 671.3
          Lair |  28.9 |  28.9 |  25.0 |   N/A |  80.6 | 3906.4
               +-------+-------+-------+-------+-------+----------------------
